AoeStats
← waLLefps.

Black Forest

507831116Analyzed
4v4 RM · 12d ago on Sep 19, 2026· 59m 41s· 8 players
Game mode
Random Map
Map size
Large (8 player)
Population
200
Speed
Normal
Resources
Standard
Victory
Conquest
Starting age
Dark Age
Ending age
Imperial Age
RankedLock teamsTeams togetherTeam positionsShared explorationLock speedFull tech treeHidden civsTurbo modeCheats
Victory
Defeat
🇺🇸 Italians · United States
1516
+12
🇨🇦 Persians · Canada
1500
+13
🇮🇹 Britons · Italy
1484
+13
🇮🇹 Teutons · Italy
1471
+14
🇹🇷 Persians · Türkiye
1497
-16
🇹🇷 Malay · Türkiye
1495
-15
🇹🇷 Portuguese · Türkiye
1411
-12
🇹🇷 Franks · Türkiye
1320
-9
OS | Gr0uch0_
11:16 Feudal Age
14:54 Castle Age
12:52 Double-Bit Axe
13:17 Horse Collar
16:10 Bow Saw
17:50 Heavy Plow
21:10 Wheelbarrow
22:24 Gold Mining
23:06 Hand Cart
23:53 Loom
24:47 Stone Mining
28:32 Imperial Age
27:12 Scale Mail Armor
27:23 Forging
26:38 Pikeman
27:19 Squires
27:04 Arson
27:05 Gambesons
28:29 Chain Mail Armor
29:37 Iron Casting
28:35 Halberdier
28:52 Onager
30:27 Plate Mail Armor
31:10 Two-Man Saw
32:10 Chemistry
32:46 Blast Furnace
34:44 Siege Engineers
36:17 Fortified Wall
39:27 Crop Rotation
41:05 Caravan
43:34 Conscription
50:00 Siege Onager
Persian Assassin
11:02 Feudal Age
14:30 Castle Age
12:39 Double-Bit Axe
13:02 Horse Collar
17:16 Bow Saw
22:50 Wheelbarrow
22:51 Heavy Plow
23:16 Gold Mining
25:37 Hand Cart
30:47 Imperial Age
28:48 Scale Barding Armor
28:54 Forging
30:01 Chain Barding Armor
30:33 Bloodlines
30:23 Husbandry
30:27 Elite War Elephant
31:28 Conscription
31:45 Iron Casting
32:47 Plate Barding Armor
32:56 Devotion
35:37 Blast Furnace
35:13 Fletching
36:29 Two-Man Saw
35:23 Stone Mining
36:09 Gold Shaft Mining
37:18 Crop Rotation
37:20 Caravan
38:36 Bodkin Arrow
41:12 Pikeman
41:53 Squires
41:54 Scale Mail Armor
43:27 Chain Mail Armor
42:40 Halberdier
44:48 Plate Mail Armor
45:46 Faith
47:26 Masonry
"Real Friendly" new player
0:47 Loom
13:04 Feudal Age
18:15 Castle Age
17:00 Double-Bit Axe
16:56 Horse Collar
20:03 Bow Saw
23:38 Stone Mining
27:03 Wheelbarrow
28:29 Stone Shaft Mining
29:16 Heavy Plow
32:02 Imperial Age
29:29 Gold Mining
29:51 Fletching
30:01 Padded Archer Armor
30:32 Bodkin Arrow
31:06 Hand Cart
32:35 Bodkin Arrow
32:56 Leather Archer Armor
33:51 Bracer
34:53 Chemistry
34:13 Ballistics
34:57 Ring Archer Armor
34:06 Elite Genoese Crossbowman
35:20 Conscription
37:25 Two-Man Saw
38:53 Bombard Tower
40:18 Coinage
41:38 Scale Mail Armor
41:48 Forging
41:45 Squires
42:52 Pirotechnia
42:06 Man-at-Arms
43:02 Chain Mail Armor
43:08 Long Swordsman
44:26 Iron Casting
43:50 Two-Handed Swordsman
45:49 Champion
48:19 Caravan
49:00 Silk Road
55:57 Crop Rotation
56:06 Murder Holes
57:51 Blast Furnace
57:22 Plate Mail Armor
Evol_
9:42 Loom
11:27 Feudal Age
16:20 Castle Age
14:50 Double-Bit Axe
15:16 Horse Collar
18:27 Bow Saw
19:34 Heavy Plow
23:55 Wheelbarrow
24:05 Fortified Wall
24:15 Gold Mining
29:14 Imperial Age
27:12 Fletching
27:23 Padded Archer Armor
27:56 Bodkin Arrow
28:45 Ballistics
28:28 Crossbowman
29:48 Leather Archer Armor
31:09 Chemistry
30:06 Arbalester
32:13 Yeomen
32:49 Elite Longbowman
34:23 Conscription
34:34 Warwolf
35:09 Bracer
35:40 Ring Archer Armor
36:15 Coinage
35:45 Caravan
37:33 Banking
37:14 Guilds
45:00 Two-Man Saw
52:44 Hand Cart
52:15 Town Watch
klostrofobikköstebek
10:57 Feudal Age
16:23 Castle Age
15:07 Double-Bit Axe
18:23 Wheelbarrow
22:39 Horse Collar
23:24 Fishing Lines
24:14 Bow Saw
24:37 Gillnets
26:27 Hand Cart
30:31 Imperial Age
28:30 Loom
29:32 Scale Barding Armor
29:38 Forging
29:30 Husbandry
29:40 Bloodlines
29:33 Heavy Plow
29:24 Gold Mining
29:25 Stone Mining
30:26 Chain Barding Armor
31:13 Gold Shaft Mining
31:14 Stone Shaft Mining
30:19 Elite War Elephant
31:21 Conscription
31:23 Ballistics
32:17 Chemistry
31:21 Heavy Scorpion
33:04 Crop Rotation
34:42 Two-Man Saw
34:27 Iron Casting
36:22 Blast Furnace
35:58 Plate Barding Armor
36:22 Caravan
36:52 Devotion
41:00 Faith
41:52 Block Printing
42:21 Theocracy
42:52 Kamandaran
43:48 Padded Archer Armor
43:38 Fletching
44:46 Leather Archer Armor
46:24 Crossbowman
47:10 Thumb Ring
47:38 Ring Archer Armor
47:07 Elite Skirmisher
53:34 Pikeman
54:15 Squires
55:44 Scale Mail Armor
55:40 Bodkin Arrow
58:21 Chain Mail Armor
Tameryig1t
2:18 Loom
12:00 Feudal Age
16:34 Castle Age
14:46 Double-Bit Axe
25:06 Imperial Age
22:58 Horse Collar
24:10 Ballistics
23:41 Fletching
23:52 Padded Archer Armor
24:25 Bodkin Arrow
24:27 Gold Mining
24:27 Stone Mining
24:35 Stone Mining
27:28 Chemistry
27:52 Wheelbarrow
28:16 Leather Archer Armor
30:35 Bombard Tower
30:59 Heavy Plow
32:09 Bracer
32:40 Ring Archer Armor
32:34 Hand Cart
32:58 Stone Shaft Mining
38:34 Conscription
41:03 Thumb Ring
41:21 Murder Holes
41:41 Masonry
41:37 Siege Engineers
41:13 Treadmill Crane
41:23 Heated Shot
43:14 Elite Skirmisher
44:15 Onager
48:55 Arquebus
52:56 Forging
52:47 Scale Mail Armor
53:19 Bow Saw
55:38 Two-Man Saw
54:21 Crossbowman
55:44 Arbalester
waLLefps.
5:00 Loom
14:21 Feudal Age
14:06 Double-Bit Axe
14:05 Horse Collar
19:25 Castle Age
19:16 Bow Saw
19:09 Heavy Plow
21:26 Wheelbarrow
23:51 Forging
24:44 Squires
24:35 Arson
26:42 Iron Casting
27:52 Town Watch
31:20 Hand Cart
34:01 Imperial Age
32:53 Pikeman
33:23 Elite Karambit Warrior
34:23 Conscription
34:21 Halberdier
36:08 Blast Furnace
35:56 Capped Ram
37:09 Gold Mining
37:09 Stone Mining
39:15 Caravan
42:32 Coinage
Fırtına
3:45 Loom
10:47 Feudal Age
12:10 Double-Bit Axe
17:29 Castle Age
16:55 Gold Mining
17:40 Stone Mining
20:11 Bow Saw
20:45 Wheelbarrow
26:33 Imperial Age
26:03 Forging
25:59 Scale Barding Armor
25:58 Husbandry
27:17 Cavalier
28:57 Caravan
29:26 Chain Barding Armor
30:31 Iron Casting
34:49 Coinage
33:59 Light Cavalry
35:36 Paladin
38:08 Plate Barding Armor
40:58 Fortified Wall
42:20 Blast Furnace
43:39 Chivalry
43:11 Elite Skirmisher
45:01 Ballistics
45:42 Chemistry
44:33 Fletching
44:44 Padded Archer Armor
49:14 Bodkin Arrow
52:50 Leather Archer Armor
Connection lost

Rejoining the realm…

Still unreachable

The connection could not be restored.

Session expired

The server has moved on; the page needs a fresh start.